 Dungeon Crawl Stone Soup version 0.19-a0-1260-gc94d3f7 (webtiles) character file.

79706 Kidiri the Eclecticist (level 15, -3/86 HPs)
             Began as a Deep Elf Fire Elementalist on Aug 28, 2016.
             Was a High Priest of Vehumet.
             Slain by a centaur warrior
             ... wielding a +6 whip
              (10 damage)
             ... on level 12 of the Dungeon.
             The game lasted 01:47:48 (31778 turns).

Kidiri the Eclecticist (DEFE)                      Turns: 31778, Time: 01:47:50

Health: -3/86      AC: 12    Str: 11      XL:     15   Next: 21%
Magic:  32/37      EV: 22    Int: 28      God:    Vehumet [*****.]
Gold:   1450       SH:  0    Dex: 16 (17) Spells: 12 memorised, 6 levels left

rFire  + + +     SeeInvis .     v - +7 short sword of Cataclysm {pierce, Int+3}
rCold  + + .     Gourm    .     w - +3 robe of Ashenzari's Whim {rPois rC+ rN+ MR+}
rNeg   + + +     Faith    .     (no shield)
rPois  +         Spirit   .     p - +0 helmet
rElec  .         Dismiss  .     t - +0 cloak "Zecey" {*Corrode rF+++ rN+++ Dex-2}
rCorr  .         Reflect  .     C - +0 pair of gloves "Qemmogip" {rC+} (curse)
MR     ++...     Harm     .     S - +0 pair of boots of the Republic {Str+6 Slay-2}
Stlth  ++........ Clarity  +    f - amulet of rage
                                O - +1 ring of protection
                                B - +2 ring of evasion

@: no status effects
A: agile 2, blink, clarity, dopey 1
a: Blink, Renounce Religion, Evoke Berserk Rage


You were on level 12 of the Dungeon.
You worshipped Vehumet.
Vehumet was extremely pleased with you.
You were not hungry.

You visited 4 branches of the dungeon, and saw 21 of its levels.
You also visited: Ossuary.

You collected 2848 gold pieces.
You spent 1398 gold pieces at shops.

Inventory:

Hand Weapons
 v - the +7 short sword of Cataclysm (weapon) {pierce, Int+3}
   (You bought it in a shop on level 2 of the Orcish Mines)

   It inflicts extra damage upon your enemies.
   It affects your intelligence (+3).
Armour
 g - a cursed +0 shield
 m - the +4 robe of Death's Door {rF+ Int+3 SInv}
   (You bought it in a shop on level 2 of the Orcish Mines)

   It affects your intelligence (+3).
   It protects you from fire.
   It lets you see invisible.
 p - a +0 helmet (worn)
 t - the +0 cloak "Zecey" (worn) {*Corrode rF+++ rN+++ Dex-2}
   (You bought it in a shop on level 11 of the Dungeon)

   It affects your dexterity (-2).
   It renders you almost immune to fire.
   It renders you almost immune to negative energy.
   It may corrode you when you take damage.
 w - the +3 robe of Ashenzari's Whim (worn) {rPois rC+ rN+ MR+}
   (You bought it in a shop on level 11 of the Dungeon)

   It protects you from cold.
   It protects you from poison.
   It protects you from negative energy.
   It affects your resistance to hostile enchantments.
 C - the cursed +0 pair of gloves "Qemmogip" (worn) {rC+}
   (You found it on level 8 of the Dungeon)

   It protects you from cold.
   It has a curse placed upon it.
 J - a mottled dragon hide
 S - the +0 pair of boots of the Republic (worn) {Str+6 Slay-2}
   (You acquired it on level 2 of the Lair of Beasts)

   It affects your strength (+6).
   It affects your accuracy and damage with ranged weapons and melee attacks
   (-2).
Jewellery
 f - an amulet of rage (around neck)
 u - an uncursed ring of protection from fire
 B - a +2 ring of evasion (left hand)
 F - an uncursed ring of resist corrosion
 H - a +3 ring of slaying
 O - a +1 ring of protection (right hand)
 X - an uncursed ring of positive energy
 Y - an uncursed ring of flight
Wands
 i - a wand of digging (5/24)
 k - a wand of enslavement (11/24)
 s - a wand of confusion (25/48)
 x - a wand of iceblast (11/15)
 I - a wand of slowing (17/48)
 L - a wand of heal wounds (4/9)
 N - a wand of disintegration (7/24)
 W - a wand of lightning (11/15)
Scrolls
 a - a scroll of immolation
 e - 11 scrolls of remove curse
 j - a scroll of fear
 l - 4 scrolls of noise
 y - a scroll of fog
 z - 2 scrolls of teleportation
 E - 2 scrolls of blinking
 G - 3 scrolls of amnesia
 K - a scroll of recharging
Potions
 d - 6 potions of ambrosia
 h - a potion of lignification
 n - 5 potions of brilliance
 o - a potion of cancellation
 r - 3 potions of flight
 D - 2 potions of resistance
 M - 3 potions of berserk rage
 P - 4 potions of haste
 Q - 4 potions of might
Books
 b - a book of Power

   Spells                             Type                      Level
   a - Fulminant Prism                Conjuration/Hexes            4
   b - Iskenderun's Mystic Blast      Conjuration                  4
   c - Venom Bolt                     Conjuration/Poison           5
   d - Bolt of Magma                  Conjuration/Fire/Earth       5
   e - Iron Shot                      Conjuration/Earth            6
   f - Orb of Destruction             Conjuration                  7
   g - Spellforged Servitor           Conjuration/Summoning        7
Comestibles
 c - 20 bread rations


   Skills:
 + Level 7.3 Fighting
 - Level 8.6 Short Blades
 + Level 7.6 Armour
 - Level 10.2 Dodging
 - Level 2.4 Stealth
 * Level 16.0 Spellcasting
 + Level 10.7 Conjurations
 + Level 10.8 Fire Magic
 + Level 7.0 Air Magic
 + Level 9.7 Evocations


You had 6 spell levels left.
You knew the following spells:

 Your Spells              Type           Power        Failure   Level  Hunger
a - Flame Tongue          Conj/Fire      #####        1%          1    None
b - Throw Flame           Conj/Fire      ######       1%          2    None
c - Conjure Flame         Conj/Fire      ######..     1%          3    None
d - Inner Flame           Hex/Fire       ######..     1%          3    None
e - Ignite Poison         Fire/Tmut/Pois #####...     1%          3    None
f - Sticky Flame          Conj/Fire      ######..     1%          4    None
g - Bolt of Magma         Conj/Fire/Erth ######....   1%          5    None
h - Fireball              Conj/Fire      ######....   1%          5    None
i - Mephitic Cloud        Conj/Pois/Air  ######..     1%          3    None
j - Olgreb's Toxic Radia  Pois           ###.....     5%          4    None
k - Shock                 Conj/Air       ####         1%          1    None
l - Iron Shot             Conj/Erth      ######....   12%         6    ###....


Dungeon Overview and Level Annotations

Branches:
Dungeon (12/15)            Temple (1/1) D:5            Lair (6/6) D:8
  Swamp (0/4) Lair:3        Snake (0/4) Lair:2        Slime (0/5) Lair:6
    Orc (2/2) D:10            Elf (0/3) Orc:2

Altars:
Ashenzari
Cheibriados
Dithmenos
Elyvilon
Fedhas
Gozag
Hepliaklqana
Kikubaaqudgha
Makhleb
Nemelex Xobeh
Okawaru
Qazlal
Ru
Sif Muna
Trog
Uskayaw
Vehumet
Xom
Yredelemnul
Zin
The Shining One
Beogh
Jiyva

Shops:
D:4 (   D:7 !   D:11 [   Orc:2 [*[(


Innate Abilities, Weirdness & Mutations

You are very agile. (Dex +4)
You can translocate small distances at will.
You possess an exceptional clarity of mind.
You are dopey. (Int -2)


Message History

Unknown command.
You hit the centaur warrior.
The centaur warrior is lightly wounded.
The centaur warrior hits you with an uncursed enchanted whip!
* * * LOW HITPOINT WARNING * * *
Unknown command.
You feel better. The centaur warrior misses you.
Casting: Sticky Flame
Confirm with . or Enter, or press ? or * to list all spells.
Aiming: Bolt of Magma
Press: ? - help, Shift-Dir - straight line, f - centaur warrior
Aim: a centaur warrior, wielding an enchanted whip and wearing a robe (lightly wounded)
The bolt of magma hits the centaur warrior.
The centaur warrior is severely wounded.
The bolt of magma hits the cyclops.
The cyclops is moderately wounded.
The centaur warrior hits you with an uncursed enchanted whip!
* * * LOW HITPOINT WARNING * * *
The centaur warrior hits you with an uncursed enchanted whip!
You die...

..... #....#.# #... ..
#....[. ##... .. ......#
##.(. .. ## .....
....####.# ##.. .C..
#.#.#.....# ....###..
##.. #....>...
......#c#... #........
#....#@#.# #........
#...(..# #........ ##
#(.#(### ###........ #.#
##..># ###..>....... #%#
#..(## ##...##.......
#%# #.#.##
#..###........ #.#.##.#
#.............
#.##..#####.##..........
.
##.#.....#..##.#........


You could see a centaur warrior and a cyclops.

Vanquished Creatures
  2 orc warlords (Orc:1)
  6 dire elephants (Lair:6)
  The ghost of crawlian the Scorcher, a journeyman DEFE of Sif Muna (Lair:6)
  7 hydras
  An anaconda (Lair:6)
  2 ogre magi (Orc:2)
  The ghost of Kidiri the Thaumaturge, a journeyman DEFE of Vehumet (Lair:1)
  Erica (D:9)
  A death yak (Lair:5)
  A death knight (D:12)
  2 orc high priests (Orc:1)
  Urug (Orc:1)
  An unseen horror (D:11)
  4 hill giants
  2 deep trolls (Orc:2)
  A deep elf archer (Orc:1)
  An orc knight (Orc:1)
  4 deep elf magi
  4 orc sorcerers (Orc:1)
  Pikel (D:6)
  4 cyclopes
  A shining eye (Lair:6)
  Maurice (D:11)
  An ugly thing (D:12)
  12 elephants
  4 black mambas
  12 spiny frogs
  4 rime drakes
  5 komodo dragons
  A centaur skeleton (D:9)
  2 queen bees
  13 trolls
  3 meliai (Lair:5)
  Grinder (D:6)
  8 two-headed ogres
  5 dream sheep (Lair:6)
  13 blink frogs
  3 wyverns
  60 yaks
  A basilisk (Lair:3)
  6 hippogriffs
  Menkaure (D:7)
  A mottled dragon (D:12)
  A steam dragon (Lair:2)
  4 nagas
  9 water moccasins
  7 wargs
  12 porcupines
  24 orc warriors
  4 sky beasts
  A wasp (D:12)
  A slave (D:6)
  2 black bears (D:7)
  2 ice beasts
  A phantom (D:6)
  2 necrophages
  34 ogres
  14 wolves
  6 centaurs
  16 crocodiles
  2 big kobolds
  Blork the orc (D:4)
  12 giant frogs
  An elf zombie (D:8)
  2 elf skeletons (D:8)
  2 scorpions
  A wyvern skeleton (D:12)
  49 killer bees
  A centaur zombie (Ossuary)
  6 howler monkeys
  8 crimson imps
  A giant frog zombie (D:8)
  4 quasits
  2 jellies
  3 human zombies
  15 orc priests
  Crazy Yiuf (D:6)
  6 hounds
  25 orc wizards
  Jessica (D:3)
  A giant frog skeleton (D:12)
  9 iguanas
  A hell rat (Lair:5)
  8 worker ants
  A big kobold zombie (Ossuary)
  A hound skeleton (D:8)
  2 mummies (Ossuary)
  4 worker ant zombies
  3 gnolls (Orc:2)
  11 adders
  53 river rats
  A shadow imp (D:6)
  An ooze (D:1)
  3 adder skeletons
  3 worms
  2 dart slugs
  3 giant geckos
  101 orcs
  6 bats
  9 giant cockroaches
  5 goblins
  5 hobgoblins
  7 jackals (D:4)
  4 quokkas
  A ball python (D:7)
  A giant gecko zombie (D:9)
  3 giant newts
  8 hobgoblin zombies (Ossuary)
  4 jackal zombies
  14 kobolds
  10 kobold zombies (Ossuary)
  2 orc skeletons (D:8)
  10 orc zombies (Ossuary)
  A quokka skeleton (D:6)
  A quokka zombie (D:5)
  3 rats
  2 rat zombies (Ossuary)
  A spectral orc (D:6)
  A fungus (Lair:3)
  3 plants (Lair:6)
798 creatures vanquished.

Vanquished Creatures (others)
  3 slaves (D:6)
  An ogre (D:6)
  15 fungi
  19 plants
38 creatures vanquished.

Grand Total: 836 creatures vanquished

Notes
Turn   | Place    | Note
-------+----------+-------------------------------------------
     0 | D:1      | Kidiri the Deep Elf Fire Elementalist began the quest for the Orb.
     0 | D:1      | Reached XP level 1. HP: 10/10 MP: 6/6
   124 | D:1      | Reached XP level 2. HP: 15/15 MP: 6/8
   128 | D:1      | Learned a level 2 spell: Throw Flame
   643 | D:1      | Reached skill level 4 in Spellcasting
   770 | D:2      | Reached XP level 3. HP: 19/19 MP: 5/10
   775 | D:2      | Learned a level 3 spell: Conjure Flame
   779 | D:2      | Learned a level 3 spell: Inner Flame
  1772 | D:3      | Reached XP level 4. HP: 23/24 MP: 7/12
  1779 | D:3      | Reached skill level 5 in Spellcasting
  1883 | D:3      | Learned a level 4 spell: Sticky Flame
  1890 | D:3      | Gained mutation: You can translocate small distances at will. [potion of mutation]
  1890 | D:3      | Gained mutation: You possess an exceptional clarity of mind. [potion of mutation]
  1890 | D:3      | Gained mutation: You are partially covered in slimy green scales. (AC +2) [potion of mutation]
  1914 | D:3      | Reached XP level 5. HP: 25/28 MP: 0/15
  2208 | D:3      | Reached skill level 6 in Spellcasting
  2277 | D:3      | Noticed Jessica
  2281 | D:3      | Killed Jessica
  2747 | D:3      | Reached XP level 6. HP: 10/32 MP: 5/17
  2968 | D:3      | Learned a level 5 spell: Fireball
  3254 | D:4      | Noticed Blork the orc
  3262 | D:4      | Killed Blork the orc
  3262 | D:4      | Reached skill level 7 in Spellcasting
  3262 | D:4      | Reached skill level 5 in Fire Magic
  3676 | D:4      | Found Buakiav's Antique Weapon Shoppe.
  3683 | D:4      | Reached XP level 7. HP: 31/36 MP: 15/20
  4239 | D:5      | Entered Level 5 of the Dungeon
  4252 | D:5      | Found a shadowy altar of Dithmenos.
  4290 | D:5      | Found a staircase to the Ecumenical Temple.
  4296 | Temple   | Entered the Ecumenical Temple
  4589 | D:5      | Reached skill level 1 in Armour
  4664 | D:5      | Found an opulent altar of Gozag.
  4676 | D:5      | Reached skill level 1 in Short Blades
  4750 | D:5      | Reached skill level 8 in Spellcasting
  4750 | D:5      | Reached skill level 1 in Evocations
  5231 | D:5      | Reached skill level 1 in Fighting
  5242 | D:6      | Noticed Grinder
  5258 | D:6      | Paralysed by Grinder for 4 turns
  5262 | D:6      | Killed Grinder
  5262 | D:6      | Reached XP level 8. HP: 30/43 MP: 16/22
  5364 | D:6      | Noticed Pikel
  5370 | D:6      | Killed Pikel
  5370 | D:6      | Reached skill level 9 in Spellcasting
  5555 | D:6      | Found a runed door.
  5559 | D:6      | Noticed Crazy Yiuf
  5564 | D:6      | Killed Crazy Yiuf
  5659 | D:6      | Reached skill level 5 in Conjurations
  5847 | D:6      | Found a blossoming altar of Fedhas.
  5949 | D:6      | Reached XP level 9. HP: 42/48 MP: 18/24
  5969 | D:6      | Gained mutation: You have sharp toenails. [potion of beneficial mutation]
  6458 | D:6      | Found a basalt altar of Yredelemnul.
  6646 | D:5      | Found a glowing silver altar of Zin.
  6646 | D:5      | Found a bloodstained altar of Trog.
  6646 | D:5      | Found a shattered altar of Ashenzari.
  7227 | D:7      | Reached skill level 10 in Spellcasting
  7356 | D:7      | Found Punlaluz's Distillery.
  7364 | D:7      | Found a glowing golden altar of the Shining One.
  7487 | D:4      | Bought a translucent falchion for 216 gold pieces
  7487 | D:4      | Identified the +9 falchion "Maufek" {venom, rN+ MR+ Dex-3} (You bought it in a shop on level 4 of the Dungeon)
  7730 | D:7      | Noticed Menkaure
  7735 | D:7      | Killed Menkaure
  7735 | D:7      | Reached skill level 5 in Dodging
  8314 | D:8      | Found a staircase to the Lair.
  8625 | D:8      | Reached XP level 10. HP: 42/56 MP: 21/26
  8724 | D:8      | Got a pair of steaming gloves
  8745 | D:8      | Identified the cursed +0 pair of gloves "Qemmogip" {rC+} (You found it on level 8 of the Dungeon)
  8882 | D:8      | Found a sand-covered staircase.
  8895 | Ossuary  | Entered an ossuary
  9574 | D:8      | Reached skill level 11 in Spellcasting
  9723 | D:8      | Found a radiant altar of Vehumet.
  9731 | D:8      | Became a worshipper of Vehumet
  9936 | Lair:1   | Entered Level 1 of the Lair of Beasts
 10040 | Lair:1   | Gained mutation: You are weak. (Str -2) [potion of mutation]
 10040 | Lair:1   | Gained mutation: You are agile. (Dex +2) [potion of mutation]
 10040 | Lair:1   | Lost mutation: You have sharp toenails. [potion of mutation]
 10183 | Lair:1   | Noticed Kidiri's ghost (journeyman DEFE)
 10621 | Lair:1   | Reached skill level 5 in Evocations
 10631 | Lair:1   | Noticed a black mamba
 10635 | Lair:1   | Killed a black mamba
 11099 | Lair:1   | Noticed a spiny frog
 11104 | Lair:1   | Killed a spiny frog
 11364 | Lair:1   | Killed Kidiri's ghost
 11364 | Lair:1   | Reached skill level 5 in Short Blades
 11364 | Lair:1   | Reached XP level 11. HP: 44/61 MP: 15/28
 12362 | Lair:2   | Reached * piety under Vehumet
 12362 | Lair:2   | Offered knowledge of Shock by Vehumet.
 12370 | Lair:2   | Learned a level 1 spell: Shock
 12415 | Lair:2   | Reached skill level 12 in Spellcasting
 12418 | Lair:2   | HP: 3/61 [rime drake/flash freeze (26)]
 12937 | Lair:2   | Reached skill level 1 in Air Magic
 13161 | Lair:1   | Offered knowledge of Searing Ray by Vehumet.
 13240 | Lair:2   | Reached ** piety under Vehumet
 13438 | Lair:2   | Found a staircase to the Snake Pit.
 14013 | Lair:2   | Identified 3 scrolls of acquirement
 14016 | Lair:2   | Got a pair of warped boots
 14027 | Lair:2   | Identified the +0 pair of boots of the Republic {Str+6 Slay-2} (You acquired it on level 2 of the Lair of Beasts)
 14121 | Lair:2   | You fall through a shaft!
 14123 | Lair:3   | Noticed a six-headed hydra
 14145 | Lair:3   | Killed a seven-headed hydra
 14367 | Lair:3   | Found a staircase to the Swamp.
 14719 | Lair:3   | Offered knowledge of Mephitic Cloud by Vehumet.
 14970 | Lair:3   | Reached XP level 12. HP: 68/68 MP: 26/30
 14978 | Lair:3   | Learned a level 3 spell: Mephitic Cloud
 15592 | Lair:3   | Reached skill level 5 in Armour
 15810 | Lair:2   | Reached *** piety under Vehumet
 15810 | Lair:2   | Reached skill level 5 in Fighting
 15880 | Lair:4   | Reached skill level 13 in Spellcasting
 16290 | Lair:4   | Gained mutation: You are dopey. (Int -2) [potion of mutation]
 16290 | Lair:4   | Lost mutation: You are weak. (Str -2) [potion of mutation]
 16290 | Lair:4   | Lost mutation: You are partially covered in slimy green scales. (AC +2) [potion of mutation]
 16491 | Lair:4   | Noticed a six-headed hydra
 16520 | Lair:4   | Killed a six-headed hydra
 16533 | Lair:4   | Offered knowledge of Ignite Poison by Vehumet.
 16538 | Lair:4   | Learned a level 3 spell: Ignite Poison
 17083 | Lair:4   | Noticed an eight-headed hydra
 17091 | Lair:4   | Killed an eight-headed hydra
 17536 | Lair:5   | Noticed a six-headed hydra
 17555 | Lair:5   | Killed a seven-headed hydra
 17920 | Lair:5   | Reached **** piety under Vehumet
 18250 | Lair:5   | Offered knowledge of Olgreb's Toxic Radiance by Vehumet.
 18256 | Lair:5   | Learned a level 4 spell: Olgreb's Toxic Radiance
 18494 | Lair:5   | Noticed an eight-headed hydra
 18509 | Lair:5   | Killed an eight-headed hydra
 18509 | Lair:5   | Reached XP level 13. HP: 11/74 MP: 3/32
 19192 | Lair:5   | Reached skill level 14 in Spellcasting
 19879 | Lair:5   | Learned a level 5 spell: Bolt of Magma
 19886 | Lair:5   | Learned a level 6 spell: Iron Shot
 20115 | Lair:6   | Entered Level 6 of the Lair of Beasts
 20130 | Lair:6   | Noticed crawlian's ghost (journeyman DEFE)
 20258 | Lair:6   | Killed crawlian's ghost
 20810 | Lair:6   | Found a viscous altar of Jiyva.
 20810 | Lair:6   | Found a staircase to the Slime Pits.
 20815 | Lair:6   | Reached ***** piety under Vehumet
 20819 | Lair:6   | Offered knowledge of Lightning Bolt by Vehumet.
 21034 | Lair:6   | Reached skill level 5 in Air Magic
 21587 | Lair:6   | Gained mutation: You are very agile. (Dex +4) [a shining eye]
 22311 | Lair:6   | Noticed a dire elephant
 22311 | Lair:6   | Noticed a dire elephant
 22330 | Lair:6   | Killed a dire elephant
 22341 | Lair:6   | Noticed a dire elephant
 22344 | Lair:6   | HP: 2/74 [dire elephant (8)]
 22809 | Lair:6   | Noticed a dire elephant
 22820 | Lair:6   | Noticed a dire elephant
 22821 | Lair:6   | Killed a dire elephant
 23039 | Lair:5   | Reached skill level 10 in Dodging
 23267 | Lair:6   | Killed a dire elephant
 23273 | Lair:6   | Noticed a dire elephant
 23297 | Lair:6   | Killed a dire elephant
 23298 | Lair:6   | Killed a dire elephant
 23298 | Lair:6   | Reached XP level 14. HP: 50/80 MP: 18/34
 23879 | D:9      | Reached skill level 15 in Spellcasting
 24128 | D:9      | Noticed Erica
 24139 | D:9      | Killed Erica
 24167 | D:9      | Found an ancient bone altar of Kikubaaqudgha.
 24586 | D:9      | Offered knowledge of Bolt of Draining by Vehumet.
 25070 | D:10     | Entered Level 10 of the Dungeon
 25601 | D:10     | Reached skill level 10 in Conjurations
 25877 | D:10     | Found a staircase to the Orcish Mines.
 25939 | Orc:1    | Entered Level 1 of the Orcish Mines
 25957 | Orc:1    | Reached skill level 10 in Fire Magic
 26052 | Orc:1    | Noticed Urug
 26057 | Orc:1    | Killed Urug
 26185 | Orc:1    | Offered knowledge of Poison Arrow by Vehumet.
 26314 | Orc:1    | Noticed an orc warlord
 26331 | Orc:1    | Killed an orc warlord
 27065 | Orc:1    | Got a transparent scimitar {speed}
 27066 | Orc:1    | Noticed an orc warlord
 27108 | D:10     | Identified the +5 scimitar "Bezemyst" {speed, rC+ Stlth+} (You took it off a deep elf mage on level 1 of the Orcish Mines)
 27633 | Orc:1    | Killed an orc warlord
 27886 | Orc:2    | Entered Level 2 of the Orcish Mines
 28192 | Orc:2    | Found Neeshaer's Armour Shop.
 28192 | Orc:2    | Found Peopruq's Antique Weapon Emporium.
 28205 | Orc:1    | Offered knowledge of Ozocubu's Refrigeration by Vehumet.
 28343 | Orc:2    | Found a burning altar of Makhleb.
 28452 | Orc:2    | Found Mevoariq's General Store.
 29262 | Orc:2    | Found Zoseaty's Armour Shoppe.
 29309 | Orc:2    | Reached XP level 15. HP: 74/86 MP: 17/36
 29312 | Orc:2    | Bought a steaming short sword for 216 gold pieces
 29312 | Orc:2    | Identified the +7 short sword of Cataclysm {pierce, Int+3} (You bought it in a shop on level 2 of the Orcish Mines)
 29340 | Orc:2    | Found a staircase to the Elven Halls.
 29544 | Orc:2    | Bought the +4 robe of Death's Door {rF+ Int+3 SInv} for 587 gold pieces
 29818 | D:11     | Found a roughly hewn altar of Beogh.
 30085 | D:11     | Found Ygaovam's Antique Armour Shop.
 30103 | D:11     | Bought a polished cloak for 237 gold pieces
 30103 | D:11     | Bought a thick robe for 142 gold pieces
 30113 | D:11     | Identified the +0 cloak "Zecey" {*Corrode rF+++ rN+++ Dex-2} (You bought it in a shop on level 11 of the Dungeon)
 30123 | D:11     | Identified the +3 robe of Ashenzari's Whim {rPois rC+ rN+ MR+} (You bought it in a shop on level 11 of the Dungeon)
 31015 | D:12     | Noticed Maurice
 31030 | D:11     | Killed Maurice
 31526 | D:12     | Offered knowledge of Poisonous Cloud by Vehumet.
 31526 | D:12     | Reached skill level 16 in Spellcasting
 31778 | D:12     | Slain by a centaur warrior

Vault maps used:
D:1:      dpeg_arrival_rhombi
D:3:      uniq_jessica
D:4:      serial_shops, shop_statue, uniq_blork_the_orc
D:5:      nicolae_gozag_cash_rules_everything_around_me,
          nicolae_overflow_hidden_temple, first_bread
D:6:      marbit_many_paths, yredelemnul_forgotten_temple_becter, uniq_grinder,
          uniq_pikel, uniq_crazy_yiuf_cottage
D:7:      old_standard_altar, serial_shops, kennysheep_mini_moat, st_stairs_7,
          uniq_menkaure
D:8:      lemuel_coloured_pillars_altar, erik_lair_orcish_takeover,
          nicolae_ossuary_entry_catacombs
D:9:      lemuel_doored_altar, uniq_erica
D:10:     orc_0_dummy
D:11:     serial_shops, nicolae_shop_overgrown_old_shop
D:12:     david_nohive_1, uniq_maurice
Temple:   jpeg_temple_clearing
Lair:1:   st_stairs_6, beast_lair_carwin_6
Lair:2:   minmay_snake_entry_guardpost_small, minivault_27, st_stairs_10,
          minivault_24, lemuel_fruit_tree
Lair:3:   swamp_mist, minmay_hedge_maze, nicolae_lair_grove_arrangements
Lair:5:   regret_index_combs_of_tragedy
Lair:6:   due_jungle_book, slime_altar_1
Orc:1:    elf_legates, uniq_urug
Orc:2:    st_orc_open, statue_in_the_mist_lemuel, bloody_makhleb
Ossuary:  ossuary_tomb_1

Skill      XL: |  1  2  3  4  5  6  7  8  9 10 11 12 13 14 15 |
---------------+----------------------------------------------+-----
Spellcasting   | 4 5 6 7 8 9 10 11 12 13 14 15 16 | 16.0
Conjurations   | 2 3 4 5 6 7 8 9 10 | 10.7
Fire Magic     | 4 5 6 7 8 9 10 | 10.8
Armour         | 1 2 3 4 5 6 7 |  7.6
Short Blades   | 1 2 3 5 6 7 8 |  8.6
Evocations     | 2 3 4 5 6 7 8 9 |  9.7
Dodging        | 3 4 5 6 7 8 10 | 10.2
Fighting       | 1 2 3 4 5 6 7 |  7.3
Air Magic      | 2 4 5 6 7 |  7.0
Stealth        | |  2.4

Action                   |  1- 3 |  4- 6 |  7- 9 | 10-12 | 13-15 || total
-------------------------+-------+-------+-------+-------+-------++-------
Melee: Unarmed           |     2 |       |       |       |       ||     2
       Dagger            |     6 |    51 |   169 |       |   164 ||   390
       Falchion          |       |       |    33 |   529 |   195 ||   757
       Scimitar          |       |       |       |       |    47 ||    47
       Short sword       |       |       |       |       |   139 ||   139
 Cast: Flame Tongue      |    36 |    64 |   108 |   241 |   156 ||   605
       Throw Flame       |    16 |     7 |    20 |    46 |    31 ||   120
       Inner Flame       |     2 |       |     6 |       |     2 ||    10
       Conjure Flame     |     1 |     2 |     5 |     5 |     8 ||    21
       Sticky Flame      |       |     8 |    22 |   106 |    61 ||   197
       Fireball          |       |       |     2 |    15 |     6 ||    23
       Shock             |       |       |       |     3 |       ||     3
       Ignite Poison     |       |       |       |     1 |    44 ||    45
       Olgreb's Toxic Ra |       |       |       |     1 |    38 ||    39
       Bolt of Magma     |       |       |       |       |   134 ||   134
       Mephitic Cloud    |       |       |       |       |     2 ||     2
       Iron Shot         |       |       |       |       |     1 ||     1
  Use: Scroll            |     1 |    10 |     8 |    15 |    11 ||    45
       Potion            |     1 |     2 |     2 |     6 |     7 ||    18
 Stab: Sleeping          |     1 |     2 |     3 |     8 |     4 ||    18
       Distracted        |       |       |       |     1 |     1 ||     2
       Invisible         |       |       |       |     1 |       ||     1
  Eat: Chunk             |     3 |     7 |    10 |    14 |    13 ||    47
       Meat ration       |       |       |     1 |     1 |     4 ||     6
       Fruit             |       |       |     4 |       |    13 ||    17
       Beef jerky        |       |       |       |     5 |       ||     5
       Royal jelly       |       |       |       |     2 |       ||     2
       Bread ration      |       |       |       |       |     1 ||     1
Armor: Robe              |     5 |    25 |    51 |   144 |    66 ||   291
Dodge: Dodged            |    13 |    54 |   181 |   452 |   481 ||  1181
